 Dungeon Crawl Stone Soup version 0.29.0-4-gdea44cf6ec (webtiles) character file.

Game seed: 10198072493254367055

102 qw the Sneak (level 4, -2/28 HPs)
             Began as a Gargoyle Delver on Sept 10, 2022.
             Slain by an orc
             ... wielding a +0 trident
              (5 damage)
             ... on level 5 of the Dungeon.
             The game lasted 00:00:07 (454 turns).

qw the Sneak (Gargoyle Delver)                       Turns: 454, Time: 00:00:08

Health: -2/28      AC:  6    Str: 17    XL:     4   Next: 78%
Magic:  4/4        EV: 11    Int: 11    God:
Gold:   14         SH:  0    Dex: 11    Spells: 3/3 levels left

rFire   . . .      SeeInvis .   Y - +0 hand axe
rCold   . . .      Faith    .   (no shield)
rNeg    + . .      Spirit   .   b - +0 leather armour
rPois   inf        Reflect  .   (no helmet)
rElec   +          Harm     .   (no cloak)
rCorr   .          Rampage  .   (no gloves)
Will    .....                   (no boots)
Stlth   +++.......              (no amulet)
HPRegen 0.09/turn               (no ring)
MPRegen 0.09/turn               (no ring)

@: no status effects
A: sickness immunity, AC +3, negative energy resistance 1, electricity
resistance, torment resistance 1, petrification resistance
a: no special abilities


You were on level 5 of the Dungeon.
You visited 1 branch of the dungeon, and saw 2 of its levels.

You collected 14 gold pieces.


Innate Abilities, Weirdness & Mutations

You are immune to sickness and miasma.
Your stone body is resilient. (AC +3)
You are immune to poison.
You resist negative energy. (rN+)
You are resistant to electric shocks. (rElec)
You are resistant to unholy torment.
You are immune to petrification.


   Skills:
 - Level 3.2 Fighting
 + Level 4.4 Axes
 - Level 1.5 Dodging
 - Level 5.4 Stealth


You had 3 spell levels left.
You didn't know any spells.
Your spell library was empty.

Inventory:

Hand Weapons
 h - a +0 flail
 Y - a +0 hand axe (weapon)
Armour
 b - a +0 leather armour (worn)
Wands
 g - a wand of digging (3)
Potions
 f - a potion of haste

Dungeon Overview and Level Annotations

Branches:
Dungeon (6/15)
 Temple: D:4-7

Altars:


Message History

The adder bites you but does no damage.
An orc comes into view. It is wielding a +0 trident.
You miss the adder.
The adder is severely wounded.
The adder bites you. x2; The adder bites you but does no damage.
You closely miss the adder.
The adder is severely wounded.
You barely miss the adder. The adder bites you but does no damage.
The adder bites you.
You slash the adder!
You kill the adder!
You barely miss the adder. The adder misses you. The orc completely misses you.
You barely miss the adder. The adder bites you but does no damage.
The orc hits you from afar with a +0 trident.
The adder bites you but does no damage.
You hit the adder.
The adder is heavily wounded.
The adder bites you but does no damage. The orc closely misses you.
You miss the adder.
The adder is heavily wounded.
The adder barely misses you. The orc misses you. The adder closely misses you.
You closely miss the adder.
The adder is heavily wounded.
The orc hits you from afar with a +0 trident.
The adder barely misses you.
You completely miss the adder.
The adder is heavily wounded.
The adder bites you.
The orc hits you from afar with a +0 trident.
The adder bites you but does no damage.
You barely miss the adder.
The adder is heavily wounded.
The orc hits you from afar with a +0 trident.
The adder misses you.
You hit the adder.
The adder is severely wounded.
The orc hits you from afar with a +0 trident.
You die...

##.........#
##.........#
#..........#
#..######...###
....# #.....#
##.. ##....#
##. #....#
#..### #@.#
#S.## #...o
#......
.....<...
....###....
..... ##...
#.... #...


You could see an adder and an orc.

Vanquished Creatures
  A scorpion (D:5)
  A hound (D:5)
  2 adders
4 creatures vanquished.

Notes
Turn   | Place    | Note
-------+----------+-------------------------------------------
     0 | D:5      | qw the Gargoyle Delver began the quest for the Orb.
     0 | D:5      | Reached XP level 1. HP: 14/14 MP: 1/1
     0 | D:5      | 0 ||| qw: Version: 0.1-a-117-gfe26ee0
     0 | D:5      | 0 ||| qw: Game counter: 9578
     0 | D:5      | 0 ||| qw: Always use a shield: true
     0 | D:5      | 0 ||| qw: God list: Okawaru
     0 | D:5      | 0 ||| qw: Allow faded altars: false
     0 | D:5      | 0 ||| qw: Do Orc after D:15 true
     0 | D:5      | 0 ||| qw: Do second Lair branch before Depths: true
     0 | D:5      | 0 ||| qw: Lair rune preference: random
     0 | D:5      | 0 ||| qw: Plans: Normal
     0 | D:5      | 0 ||| PLANNING D:1-11
    12 | D:5      | Noticed a jelly
    12 | D:5      | You fall into a shaft and drop 1 floor!
    44 | D:6      | HP: 2/14 [adder (2)]
    46 | D:6      | Reached XP level 2. HP: 3/19 MP: 2/2
   298 | D:6      | 298 ||| DROPPING scroll of fog.
   299 | D:6      | 299 ||| DROPPING scroll of magic mapping.
   300 | D:6      | 300 ||| DROPPING scroll of fear.
   308 | D:5      | Noticed a scorpion
   313 | D:5      | Killed a scorpion
   314 | D:5      | Reached skill level 3 in Axes
   314 | D:5      | Reached XP level 3. HP: 18/23 MP: 3/3
   314 | D:5      | Reached XP level 4. HP: 22/28 MP: 4/4
   434 | D:5      | 434 ||| READING scroll labelled DIMIFI AKALL.
   451 | D:5      | HP: 7/28 [orc/+0 trident (5)]
   452 | D:5      | HP: 3/28 [orc/+0 trident (1)]
   454 | D:5      | Slain by an orc

Levels and vault maps discovered:
D:5:      layout_layer_cave, lemuel_crystal_altar, kennysheep_mini_moat,
          minmay_temple_entry_stoned_glass, uniq_prince_ribbit1
D:6:      layout_loops_ring, ebering_ghost_reflecting_pool

Skill      XL: |  1  2  3  4 |
---------------+-------------+-----
Axes           | 2 3 4 |  4.4
Fighting       | |  3.2
Dodging        | |  1.5
Stealth        | |  5.4

Action                   |  1- 3 |  4- 6 || total
-------------------------+-------+-------++-------
Melee: Hand axe          |    17 |    23 ||    40
  Use: Scroll            |       |     1 ||     1
Armor: Leather armour    |     6 |    10 ||    16
Dodge: Dodged            |    11 |    18 ||    29

Table legend:
 A = Non-vault XP
 B = Vault XP
 C = Vault XP percentage of total XP
 D = Non-vault monster count
 E = Vault monster count
 F = Vault count percentage of total count
                 A         B        C        D         E       F
            +---------+---------+-------+---------+---------+-------
      Total |     147 |       0 |   0.0 |       4 |       0 |   0.0
            +---------+---------+-------+---------+---------+-------
        D:5 |     134 |       0 |   0.0 |       3 |       0 |   0.0
        D:6 |      13 |       0 |   0.0 |       1 |       0 |   0.0
            +---------+---------+-------+---------+---------+-------
